 Dungeon Crawl Stone Soup version 0.27.0-1-g7a089689b8 (webtiles) character file.

Game seed: 11749751829794720473

1724 robertstho the Thaumaturge (level 9, -4/61 HPs)
             Began as a Djinni Fire Elementalist on Aug 11, 2021.
             Slain by Maggie (19 damage)
             ... on level 6 of the Dungeon.
             The game lasted 00:07:50 (5336 turns).

robertstho the Thaumaturge (DjFE)                   Turns: 5336, Time: 00:07:53

Health: -4/61      AC:  2    Str:  7    XL:     9   Next: 25%
Gold:   376        EV: 12    Int: 20    God:
                   SH:  0    Dex: 14

rFire    + + +     SeeInvis .   t - +0 dagger (elec)
rCold    x . .     Faith    .   (no shield)
rNeg     . . .     Spirit   .   a - +0 robe
rPois    ∞         Reflect  .   (no helmet)
rElec    .         Harm     .   (no cloak)
rCorr    .         Rampage  .   (no gloves)
Will     .....                  (boots unavailable)
Stlth    ++........             p - amulet of regeneration
HPRegen  1.20/turn              g - ring of protection from fire
MPRegen  0.00/turn              (no ring)

@: flying, mesmerised, invisible
A: sickness immunity, fire resistance 2, cold vulnerability 1, float, innate
caster, hp casting, extra vitality 1
a: no special abilities


You were on level 6 of the Dungeon.
You visited 1 branch of the dungeon, and saw 6 of its levels.

You collected 376 gold pieces.

Inventory:

Hand Weapons
 e - a +0 dagger
 i - a +1 short sword of speed
 t - a +0 dagger of electrocution (weapon)
Armour
 a - a +0 robe (worn)
Jewellery
 g - a ring of protection from fire (left hand)
 p - an amulet of regeneration (around neck)
Wands
 s - a wand of flame (17)
Scrolls
 f - a scroll of enchant armour {unknown}
 j - 2 scrolls of magic mapping {unknown}
 k - 2 scrolls of amnesia {unknown}
 m - 3 scrolls of teleportation
 r - 2 scrolls of torment
 u - a scroll of holy word
Potions
 c - a potion of might {unknown}
 d - 2 potions of mutation
 h - a potion of magic {unknown}
 n - 3 potions of curing {unknown}
 o - a potion of berserk rage {unknown}
 q - a potion of ambrosia {unknown}
 v - a potion of heal wounds {unknown}
 w - a potion of cancellation {unknown}


   Skills:
 * Level 3.4 Fighting
 + Level 2.6 Dodging
 + Level 2.4 Stealth
 * Level 8.3 Spellcasting


You couldn't memorise any spells.
You knew the following spells:

 Your Spells              Type           Power      Damage    Failure   Level
a - Foxfire               Conj/Fire      100%       2x1d9     1%          1
b - Conjure Flame         Conj/Fire      41%        6-21      1%          3
c - Inner Flame           Hex/Fire       41%        N/A       1%          3
d - Sticky Flame          Conj/Fire      41%        2d6       2%          4
e - Fireball              Conj/Fire      20%        3d10      8%          5
f - Beastly Appendage     Tmut           82%        N/A       1%          1
g - Blink                 Tloc           N/A        N/A       1%          2
h - Spider Form           Tmut/Pois      20%        N/A       1%          3
i - Fulminant Prism       Conj/Hex       20%        3d13      2%          4
Your spell library was empty.

Dungeon Overview and Level Annotations

Branches:
Dungeon (6/15)
 Temple: D:4-7

Altars:
Ashenzari
Cheibriados
Fedhas
Hepliaklqana
Kikubaaqudgha
Makhleb
Uskayaw
Yredelemnul

Annotations:
D:6 Maggie


Innate Abilities, Weirdness & Mutations

You are immune to sickness and miasma.
You are immune to poison.
Your flesh is very heat resistant. (rF++)
You are vulnerable to cold. (rC-)
You float through the air rather than walking.
You learn spells naturally, not from books.
Your magical power is your life essence.
You have superior vitality. (+4 HP)


Message History

Maggie mumbles some strange words.
Maggie attempts to bespell you!
You are mesmerised by Maggie!
Casting: Foxfire (safe; 1% risk of failure)
Press: ? - help, Q - select action, (/) - cycle Dir - look around, f - activate You conjure some foxfire!
The foxfire hits Maggie.
Maggie is heavily wounded.
Maggie hits you from afar with a +1 halberd of flaming!
The foxfire hits Maggie.
Maggie is severely wounded.
Casting: Foxfire (safe; 1% risk of failure)
Press: ? - help, Q - select action, (/) - cycle Dir - look around, f - activate You conjure some foxfire!
The foxfire hits Maggie.
Maggie is severely wounded.
The foxfire hits Maggie but does no damage.
Maggie is severely wounded.
Maggie hits you from afar with a +1 halberd of flaming!
Casting: Foxfire (safe; 1% risk of failure)
Press: ? - help, Q - select action, (/) - cycle Dir - look around, f - activate You conjure some foxfire!
The foxfire hits Maggie but does no damage.
Maggie is severely wounded.
Maggie hits you from afar with a +1 halberd of flaming!
* * * LOW HITPOINT WARNING * * *
The foxfire hits Maggie.
Maggie is severely wounded.
Unknown command.
You cannot move away from Maggie!
You cannot move away from Maggie!
Unknown command.
You cannot move away from Maggie!
You fade into invisibility!
The foxfire hits Maggie but does no damage.
Maggie is severely wounded.
The foxfire hits Maggie but does no damage.
Maggie is severely wounded.
Maggie hits you from afar with a +1 halberd of flaming!!
You die...

#....# ....###. ...........
........ ......#...# ........
......#...# .......
.........# ###.###..# .......
........... #@.). ###
....##.......#..§###.####
....#.........§§@§##....####
..(....#......#§§§.........##
..#..........##>............#
.............###.......##...#
.....#.......# ##..##...#..##
.............####.......#...#
§.........................###
........................#.#
...##...............#.#####


You could see Maggie (mesmerising).

Vanquished Creatures
  Grinder (D:6)
  An orc warrior (D:6)
  An ice beast (D:6)
  A sky beast (D:6)
  A centaur (D:6)
  Blork the orc (D:5)
  2 water moccasin zombies (D:5)
  2 scorpions
  5 wights (D:4)
  A howler monkey (D:6)
  2 hounds
  3 jellies
  3 orc priests
  A bullfrog skeleton (D:6)
  Jessica (D:3)
  2 iguanas
  An orc wizard (D:3)
  Natasha (twice) (D:3)
  A hound skeleton (D:4)
  A gnoll (D:5)
  A howler monkey zombie (D:4)
  2 howler monkey skeletons
  8 adders
  An adder skeleton (D:4)
  3 worms
  7 orcs
  10 ball pythons
  3 bats
  4 endoplasms
  2 giant cockroaches
  10 goblins
  3 hobgoblins
  7 jackals
  3 kobolds
  2 quokkas
  10 frilled lizards
  A jackal skeleton (D:4)
  7 rats
117 creatures vanquished.

Vanquished Creatures (collateral kills)
  3 foxfires (D:3)
3 creatures vanquished.

Vanquished Creatures (others)
  641 foxfires
  2 plants (D:3)
643 creatures vanquished.

Grand Total: 763 creatures vanquished

Notes
Turn   | Place    | Note
-------+----------+-------------------------------------------
     0 | D:1      | robertstho the Djinni Fire Elementalist began the quest for
                  | the Orb.
     0 | D:1      | Reached XP level 1. HP: 15/15 MP: 0/0
   301 | D:1      | Reached XP level 2. HP: 14/21 MP: 0/0
  1240 | D:2      | Reached skill level 3 in Spellcasting
  1240 | D:2      | Reached XP level 3. HP: 22/26 MP: 0/0
  1240 | D:2      | Learned a level 1 spell: Beastly Appendage
  2076 | D:2      | Reached skill level 1 in Fighting
  2169 | D:2      | Reached XP level 4. HP: 31/32 MP: 0/0
  2561 | D:3      | Noticed Jessica
  2570 | D:3      | Killed Jessica
  3084 | D:3      | Reached XP level 5. HP: 34/37 MP: 0/0
  3084 | D:3      | Learned a level 2 spell: Blink
  3161 | D:3      | Reached skill level 4 in Spellcasting
  3531 | D:3      | Noticed Natasha
  3535 | D:3      | Killed Natasha
  3536 | D:3      | Reached XP level 6. HP: 43/43 MP: 0/0
  3650 | D:3      | Noticed Natasha
  3666 | D:3      | Killed Natasha
  4105 | D:4      | Reached skill level 5 in Spellcasting
  4105 | D:4      | Reached XP level 7. HP: 49/49 MP: 0/0
  4105 | D:4      | Learned a level 3 spell: Spider Form
  4420 | D:5      | Entered Level 5 of the Dungeon
  4538 | D:5      | Reached skill level 6 in Spellcasting
  4560 | D:5      | Found a snail-covered altar of Cheibriados.
  4564 | D:5      | Found a blossoming altar of Fedhas.
  4603 | D:5      | Reached XP level 8. HP: 52/55 MP: 0/0
  4784 | D:5      | Noticed Blork the orc
  4792 | D:5      | Killed Blork the orc
  4865 | D:5      | You are sucked into a shaft and drop 1 floor!
  4897 | D:6      | Reached skill level 7 in Spellcasting
  4977 | D:5      | Found a basalt altar of Yredelemnul.
  4978 | D:5      | Found a broken altar of Ashenzari.
  4980 | D:5      | Found a burning altar of Makhleb.
  4981 | D:5      | Found a hide-covered altar of Uskayaw.
  4983 | D:5      | Found a hazy altar of Hepliaklqana.
  5141 | D:6      | Noticed Grinder
  5148 | D:6      | Killed Grinder
  5184 | D:6      | Reached XP level 9. HP: 49/61 MP: 0/0
  5184 | D:6      | Learned a level 4 spell: Fulminant Prism
  5205 | D:6      | Reached skill level 8 in Spellcasting
  5327 | D:6      | Noticed Maggie
  5336 | D:6      | Slain by Maggie

Illustrated notes

Levels and vault maps discovered:
D:1:      nagdon_arrival_zigzag_paths, layout_basic
D:2:      layout_basic, grunt_decor_fettered
D:3:      layout_basic, mainiacjoe_overflow_small_starburst, minmay_lizard_king,
          uniq_jessica, uniq_natasha
D:4:      layout_cave_pools, minmay_goblin_outpost
D:5:      minmay_spotlight, layout_cave_pools, minitemple, st_stairs_1,
          minmay_misc_feat_iff, uniq_blork_the_orc
D:6:      layout_cave_pools, minmay_temple_entry_grid, uniq_maggie, uniq_grinder

Skill      XL: |  1  2  3  4  5  6  7  8  9 |
---------------+----------------------------+-----
Spellcasting   | 3 4 5 6 7 8 |  8.3
Fighting       | 1 2 3 |  3.4
Stealth        | 2 |  2.4
Dodging        | |  2.6

Action                   |  1- 3 |  4- 6 |  7- 9 || total
-------------------------+-------+-------+-------++-------
Melee: Short sword       |       |     3 |       ||     3
 Cast: Foxfire           |    79 |   139 |   177 ||   395
       Sticky Flame      |       |     1 |     7 ||     8
Evoke: Wand              |       |       |     1 ||     1
  Use: Scroll            |       |       |     6 ||     6
       Potion            |       |       |     2 ||     2
Armor: Robe              |     2 |     3 |     3 ||     8
Dodge: Dodged            |     6 |     7 |    11 ||    24
